Map: Fracture LE

Players

uThermaL - Winner!

  • Race: Terran Terran
  • Spawn Location: 5:00

Denver

  • Race: Zerg Zerg
  • Spawn Location: 11:00

Event: WCS Montreal 2018

VOD

Have the link to the VOD?

Description

Time

  • Played on: Sept. 8, 2018, 4:01 p.m.
  • Length: 7:39

All games in this series

Show
View Real Time Build Order
Export as new Build Order

uThermaL Terran - Winner!

Build Orders: Gas First Reaper Expand, Liberator Opening, Reaper Expand 

Get SALT Encoding   

  12  0:01  SCV  
  13  0:13  SCV  
  14  0:17  Supply Depot  
  14  0:25  SCV  
  14  0:27  Refinery  
  15  0:38  SCV  
  16  0:43  Barracks  
  16  0:50  SCV  
  17  1:02  SCV  
  18  1:15  SCV  
  19  1:30  Reaper, Orbital Command  
  20  1:42  Command Center  
  20  1:54  Factory  
  20  1:56  SCV  
  21  2:06  Barracks Reactor  
  21  2:08  SCV  
  22  2:12  Supply Depot  
  21  2:19  Refinery  
  21  2:20  SCV  
  22  2:32  SCV  
  23  2:46  Marine x2  
  23  2:47  Hellion  
  23  2:48  Starport, SCV  
  28  3:00  SCV  
  28  3:02  Orbital Command  
  29  3:08  Cyclone, Marine  
  29  3:11  Marine  
  34  3:20  SCV  
  34  3:26  Supply Depot, Marine  
  36  3:28  Marine  
  36  3:29  Medivac  
  36  3:32  SCV  
  36  3:33  SCV  
  40  3:43  Liberator  
  40  3:44  SCV  
  40  3:45  SCV  
  42  3:50  Hellion x2  
  42  3:52  Barracks Tech Lab  
  46  3:58  Supply Depot, SCV  
  50  4:03  SCV  
  51  4:10  SCV  
  51  4:13  Hellion  
  53  4:18  Marine  
  53  4:19  Stimpack  
  53  4:20  Hellion  
  53  4:21  SCV  
  57  4:27  Supply Depot  
  57  4:40  SCV, Command Center  
  58  4:46  Starport Reactor, Marine  
  58  4:48  SCV  
  58  4:52  SCV  
  61  4:53  Factory Tech Lab  
  61  5:00  SCV  
  61  5:04  SCV  
  61  5:06  Engineering Bay  
  59  5:07  Engineering Bay, Refinery x2  
  59  5:12  SCV  
  59  5:13  Siege Tank, Marine  
  61  5:18  SCV  
  60  5:24  SCV  
  61  5:30  Barracks, SCV  
  61  5:31  Barracks, Marine  
  61  5:34  Starport Reactor  
  63  5:36  SCV  
  63  5:41  Terran Infantry Armor Level 1, Terran Infantry Weapons Level 1  
  64  5:45  SCV  
  64  5:49  SCV  
  66  5:50  Siege Tank  
  66  5:52  Orbital Command  
  66  5:56  Marine  
  70  5:57  SCV  
  70  6:01  SCV  
  72  6:09  SCV  
  73  6:12  Medivac x2  
  73  6:13  SCV  
  73  6:16  Barracks  
  73  6:17  Marine  
  79  6:23  Siege Tank  
  79  6:24  Marine x2  
  84  6:26  Marine  
  84  6:28  Supply Depot  
  84  6:30  Marine  
  86  6:35  Supply Depot, Marine  
  87  6:41  Marine  
  87  6:42  Marine  
  87  6:45  Marine  
  90  6:48  Barracks  
  90  6:50  Marine  
  90  6:51  Armory  
  90  6:52  Medivac  
  92  6:59  Marine  
  92  7:00  SCV  
  94  7:03  Siege Tank  
  94  7:06  Barracks Reactor  
  94  7:07  SCV  
  98  7:11  Marine x2  
  97  7:17  Marine  
  97  7:18  Marine  
  101  7:35  Barracks Tech Lab  
Show
View Real Time Build Order
Export as new Build Order

Denver Zerg 

Build Orders: Pool First 

Get SALT Encoding   

  12  0:00  Drone  
  13  0:12  Overlord  
  13  0:17  Drone  
  14  0:31  Drone x2  
  16  0:40  Spawning Pool  
  15  0:43  Drone  
  15  0:47  Drone  
  17  1:11  Hatchery  
  16  1:13  Drone  
  17  1:27  Zergling x2  
  17  1:28  Zergling x2  
  17  1:29  Queen  
  17  1:32  Extractor  
  20  1:35  Drone  
  21  1:41  Overlord  
  21  1:49  Drone  
  22  2:01  Drone  
  23  2:07  Queen  
  25  2:16  Drone  
  25  2:22  Drone  
  27  2:24  Queen  
  27  2:26  Drone  
  30  2:38  Drone x2  
  30  2:39  Drone x3  
  34  2:48  Drone x2  
  35  2:55  Overlord  
  35  3:00  Roach Warren  
  35  3:02  Drone  
  35  3:11  Overlord  
  35  3:12  Queen  
  35  3:15  Drone  
  35  3:19  Drone x3  
  41  3:22  Drone  
  42  3:30  Overlord  
  42  3:32  Drone x3, Extractor  
  44  3:40  Overlord  
  44  3:51  Roach, Hatchery  
  44  3:54  Roach  
  47  3:59  Lair  
  47  4:02  Drone  
  48  4:04  Drone x2  
  48  4:06  Drone  
  48  4:08  Drone  
  52  4:11  Overlord  
  52  4:16  Roach  
  54  4:19  Drone  
  54  4:21  Spore Crawler  
  54  4:24  Overlord  
  54  4:26  Spore Crawler  
  54  4:29  Roach  
  57  4:31  Roach  
  57  4:37  Roach  
  59  4:42  Overlord  
  59  4:43  Extractor  
  59  4:45  Pneumatized Carapace  
  58  4:49  Roach  
  58  4:50  Roach x2  
  52  5:07  Roach x4  
  52  5:13  Glial Reconstitution  
  55  5:19  Roach  
  57  5:28  Drone  
  58  5:37  Roach  
  58  5:42  Roach  
  62  5:46  Roach  
  62  5:47  Overlord  
  62  5:48  Roach  
  66  5:54  Roach x2  
  70  5:58  Roach  
  70  6:03  Roach  
  74  6:08  Overlord  
  74  6:10  Drone  
  75  6:22  Roach  
  75  6:23  Roach x2  
  81  6:27  Overlord  
  81  6:28  Ravager  
  82  6:36  Roach x2  
  86  6:46  Roach x2  
  90  6:49  Roach  
  90  6:53  Roach  
  94  7:00  Roach x2  
  84  7:15  Ravager x2  
  84  7:17  Overlord  
Tags
 
Add a new tag
Caveats
  • Supply blocks, unpowered buildings, or Contaminate may cause inaccurate times.
  • Supply counts are checked every 10 seconds.